[Event "Titled Tuesday Blitz February 21 Early 2023"]
[White "Deng, Henry"]
[Black "Rakhmanov, Aleksandr"]
[WhiteFideId "30965454"]
[BlackFideId "4173708"]
[WhiteElo "2168"]
[BlackElo "2632"]
[Result "0-1"]
[Round "02"]
[TimeControl "180+2"]
[Date "2023.02.21"]
[WhiteClock "0:00:02"]
[BlackClock "0:00:02"]

1. e4 c5 2. Nc3 Nc6 3. Bb5 Nd4 4. Nf3 a6 5. Bd3 e6 6. O-O Nxf3+ 7. Qxf3 Ne7 8. Qg3 Nc6 9. b3 h5 10. h3 h4 11. Qh2 Nb4 12. Bb2 d6 13. Qf4 Nxd3 14. cxd3 e5 15. Qe3 g5 16. Nd5 Be6 17. Qe2 Rg8 18. Kh2 Be7 19. Rac1 Kf8 20. Ne3 Qd7 21. f3 b5 22. Rc3 Kg7 23. a3 a5 24. Rfc1 b4 25. Rc4 Kg6 26. a4 Kh7 27. Qf2 Rg6 28. Rg1 Rag8 29. Qe1 Rf6 30. Qa1 Rf4 31. Qa2 Bf8 32. Rcc1 Bh6 33. Nc4 Qd8 34. Qb1 Rf6 35. Rcf1 Rfg6 36. Qe1 Bf8 37. Qe3 Be7 38. Qf2 Qc7 39. Kh1 Bd8 40. Re1 Qd7 41. Rgf1 Bc7 42. Kg1 Rf6 43. Kh1 Rf4 44. Ne3 Qe7 45. Nc4 Qf6 46. Qe3 Qg6 47. Qe2 f5 48. Kh2 Rf8 49. Bc1 g4 50. fxg4 fxg4 51. Rxf4 Rxf4 52. Ne3 gxh3 53. gxh3 Qg3+ 54. Kh1 Qxh3+ 55. Qh2 Qxh2+ 56. Kxh2 Bxb3 57. Nf5 Be6 58. Ne3 Rf2+ 59. Kg1 Rf4 60. Re2 Rf7 61. Kh2 Bd8 62. Rg2 Rg7 63. Rf2 Rf7 64. Rg2 Be7 65. Bb2 Rg7 66. Rf2 Rg6 67. Bc1 Rg7 68. Bb2 h3 69. Bc1 Rg8 70. Bb2 Rf8 71. Re2 Rf3 72. Bc1 Bg5 73. Bb2 Bf4+ 74. Kh1 Bxe3 75. dxe3 Bd7 76. d4 Bxa4 77. dxe5 dxe5 78. Bxe5 Bc6 79. Kh2 c4 80. Ra2 c3 81. Rxa5 Bxe4 82. Rb5 c2 83. Bb2 Rxe3 84. Rxb4 Bf5 85. Rh4+ Kg6 86. Rc4 Rd3 0-1


[Site "https://www.chess.com"]

[Event "Titled Tuesday Blitz February 21 Early 2023"]
[White "Ivic, Velimir"]
[Black "Yurasova, Daria"]
[WhiteFideId "950122"]
[BlackFideId "34146919"]
[WhiteElo "2595"]
[BlackElo "2095"]
[Result "1-0"]
[Round "02"]
[TimeControl "180+2"]
[Date "2023.02.21"]
[WhiteClock "0:00:08"]
[BlackClock "0:00:03"]

1. e4 e5 2. Nf3 Nc6 3. Bb5 a6 4. Ba4 Nf6 5. O-O b5 6. Bb3 Bc5 7. c3 d6 8. d4 Bb6 9. Be3 O-O 10. Nbd2 Rb8 11. h3 h6 12. Bc2 Bb7 13. Re1 Re8 14. a3 a5 15. Bd3 Na7 16. a4 b4 17. Qc2 bxc3 18. bxc3 exd4 19. Bxd4 Bxd4 20. Nxd4 Nc6 21. Bb5 Nxd4 22. cxd4 Re7 23. Rac1 Rc8 24. Bc6 Bxc6 25. Qxc6 Qe8 26. f3 Rb8 27. Qxe8+ Nxe8 28. Nc4 Rb4 29. Nxa5 Rxa4 30. Nc6 Rd7 31. Rb1 Nf6 32. Rb8+ Kh7 33. g4 Ng8 34. Re8 Nf6 35. Rf8 Ng8 36. Rb1 Nf6 37. Kf2 Kg6 38. h4 h5 39. g5 Nh7 40. Re8 f6 41. f4 fxg5 42. hxg5 Kf7 43. Rh8 Nf8 44. f5 g6 45. f6 Rc4 46. d5 Rxe4 47. Re1 Rxe1 48. Kxe1 Ne6 49. Rh7+ Ke8 50. Rxd7 Kxd7 51. dxe6+ Kxe6 52. Nd8+ Kd7 53. Nf7 c5 54. Nh8 c4 55. Nxg6 Ke6 56. Nf4+ Kf7 57. Nd5 h4 58. Kf2 Ke6 59. Kg2 Kxd5 60. f7 c3 61. f8=Q c2 62. Qf5+ 1-0


[Site "https://www.chess.com"]

[Event "Titled Tuesday Blitz February 21 Early 2023"]
[White "Yuan, Qingyu"]
[Black "Schekachikhin, Maksim"]
[WhiteFideId "8609772"]
[BlackFideId "24177830"]
[WhiteElo "2373"]
[BlackElo "2371"]
[Result "1/2-1/2"]
[Round "02"]
[TimeControl "180+2"]
[Date "2023.02.21"]
[WhiteClock "0:00:43"]
[BlackClock "0:00:52"]

1. e4 c6 2. d4 d5 3. exd5 cxd5 4. Bd3 Nc6 5. c3 Qc7 6. h3 g6 7. Nf3 Bf5 8. O-O Nf6 9. Re1 Bxd3 10. Qxd3 Bg7 11. Be3 O-O 12. Nbd2 Rab8 13. Nb3 Rfe8 14. Nc5 Nd7 15. Nb3 Na5 16. Nxa5 Qxa5 17. Bf4 Rbc8 18. Re2 b5 19. a3 Qb6 20. h4 Nf6 21. Be5 a5 22. Bxf6 Bxf6 23. b4 a4 24. Re3 Qc6 25. g3 Qc4 26. Qd1 Bg7 27. Nd2 Qc6 28. Nf3 Qc4 29. Nd2 Qc6 30. Nf3 Qc4 1/2-1/2


[Site "https://www.chess.com"]

[Event "Titled Tuesday Blitz February 21 Early 2023"]
[White "Pinheiro, Iung Alicio de O."]
[Black "Stribuk, Artiom"]
[WhiteFideId "2104350"]
[BlackFideId "13515659"]
[WhiteElo "2306"]
[BlackElo "2378"]
[Result "0-1"]
[Round "02"]
[TimeControl "180+2"]
[Date "2023.02.21"]
[WhiteClock "0:00:07"]
[BlackClock "0:01:03"]

1. e4 c5 2. Nf3 Nc6 3. c3 Nf6 4. e5 Nd5 5. d4 cxd4 6. Bc4 e6 7. cxd4 d6 8. Qe2 Nb6 9. Bd3 Nb4 10. Be4 d5 11. Bd3 Bd7 12. Nc3 Nxd3+ 13. Qxd3 Rc8 14. O-O Be7 15. h4 Bxh4 16. g3 Be7 17. Kg2 Na4 18. Rh1 h6 19. g4 Nxc3 20. bxc3 Qa5 21. Bd2 Qa4 22. g5 Bb5 23. Qb1 Kd7 24. gxh6 gxh6 25. Bf4 Rxc3 26. Bg3 b6 27. Qe1 Qa3 28. Rd1 Rxf3 0-1


[Site "https://www.chess.com"]

[Event "Titled Tuesday Blitz February 21 Early 2023"]
[White "Vakhlamov, Igor L."]
[Black "Toncheva, Nadya"]
[WhiteFideId "24126748"]
[BlackFideId "2924056"]
[WhiteElo "2413"]
[BlackElo "2295"]
[Result "1-0"]
[Round "02"]
[TimeControl "180+2"]
[Date "2023.02.21"]
[WhiteClock "0:00:47"]
[BlackClock "0:00:05"]

1. e4 c5 2. Nf3 e6 3. Nc3 Nc6 4. Bb5 Nd4 5. Bd3 Nc6 6. O-O Nf6 7. Bb5 Qc7 8. Bxc6 bxc6 9. Re1 Be7 10. e5 Nd5 11. Ne4 O-O 12. b3 f5 13. Nc3 g5 14. h3 Kh8 15. Bb2 Ba6 16. Nh2 Rg8 17. d3 Rg6 18. Ne2 Rag8 19. Ng3 Nf4 20. Qd2 h5 21. c4 h4 22. Ne2 Kh7 23. Rad1 d6 24. exd6 Bxd6 25. Nf3 g4 26. Nxh4 Rh6 27. g3 gxh3 28. Kh1 Ng6 29. Bc1 f4 30. Nxg6 Rhxg6 31. Nxf4 Bxf4 32. Qxf4 Qd7 33. Re5 Kg7 34. Bb2 Kh7 35. Rh5+ 1-0


[Site "https://www.chess.com"]

[Event "Titled Tuesday Blitz February 21 Early 2023"]
[White "Derjabin, Ilja"]
[Black "Boros, Denes"]
[WhiteFideId "14104768"]
[BlackFideId "722340"]
[WhiteElo "2333"]
[BlackElo "2406"]
[Result "0-1"]
[Round "02"]
[TimeControl "180+2"]
[Date "2023.02.21"]
[WhiteClock "0:00:09"]
[BlackClock "0:00:11"]

1. d4 Nf6 2. c4 Nc6 3. Nc3 d5 4. e3 g6 5. Nf3 Bg7 6. Be2 O-O 7. O-O a6 8. b3 e6 9. Ba3 Re8 10. Rc1 b6 11. cxd5 exd5 12. Na4 Bb7 13. Rc2 Bh6 14. Qc1 Re6 15. Ne5 Nxd4 16. exd4 Bxc1 17. Rfxc1 c5 18. Bf3 Ne4 19. Nd3 c4 20. bxc4 dxc4 21. Rxc4 b5 22. Rc7 Qxd4 23. Nf4 Qxa4 24. Nxe6 Qxa3 25. Bxe4 Re8 26. Bxb7 Rxe6 27. h3 Qxa2 28. Rd7 Qb2 29. Rc8+ Kg7 30. Rcc7 Rf6 31. Bd5 Qxf2+ 32. Kh1 Qf1+ 33. Kh2 Qf5 34. Bf3 b4 35. Rb7 a5 36. Rd5 Qf4+ 37. Kh1 h5 38. Rxa5 Re6 39. Ra1 Re3 40. Kg1 Rxf3 41. gxf3 Qd4+ 0-1


[Site "https://www.chess.com"]

[Event "Titled Tuesday Blitz February 21 Early 2023"]
[White "The_Sherman_Variation"]
[Black "Harsh Suresh"]
[BlackFideId "45018464"]
[WhiteElo "2513"]
[BlackElo "2298"]
[Result "0-1"]
[Round "02"]
[TimeControl "180+2"]
[Date "2023.02.21"]
[WhiteClock "0:00:22"]
[BlackClock "0:00:08"]

1. d4 Nf6 2. c4 e6 3. Nc3 Bb4 4. Bd2 O-O 5. a3 Bxc3 6. Bxc3 d5 7. e3 b6 8. Nf3 Bb7 9. Qc2 Nbd7 10. Be2 Rc8 11. Ne5 dxc4 12. Bxc4 Bxg2 13. Rg1 Be4 14. Bd3 Bxd3 15. Nxd3 c5 16. dxc5 Nxc5 17. Nxc5 Rxc5 18. Rd1 Qe7 19. Qe2 a5 20. Qf3 Rf5 21. Qg2 g6 22. Rd4 Rc8 23. Ke2 Nd5 24. Bd2 Rc2 25. Rb1 Qc5 26. Ke1 Qb5 27. b4 axb4 28. axb4 Rc4 29. Qe4 Rxd4 30. Qxd4 Nf6 31. Bc3 e5 32. Qd8+ Kg7 33. Rd1 Rg5 34. Rd3 Rg1+ 35. Ke2 Rc1 36. Qc7 e4 37. Bxf6+ Kxf6 38. Qf4+ Kg7 39. Qxe4 Rc2+ 40. Kf3 Qh5+ 41. Kg3 Qg5+ 42. Kf3 Qf6+ 43. Qf4 Qxf4+ 44. exf4 Rc4 45. Rb3 Kf6 46. Rd3 Rxb4 47. Rd6+ Kg7 48. Rd7 b5 49. Rb7 Rb1 50. h4 h5 51. f5 gxf5 52. Kf4 Kg6 53. Rb6+ f6 54. Rb8 Rb4+ 55. Kf3 Rxh4 56. Rxb5 Rg4 57. Rb8 Kg7 58. Rb7+ Kh6 59. Rb8 Rg7 60. Kf4 Kg6 61. Rc8 h4 62. Rh8 Rh7 63. Rg8+ Kf7 64. Rg1 Rh5 65. Ra1 h3 66. Rh1 h2 67. Kg3 Kg6 68. Rxh2 f4+ 69. Kg2 Rxh2+ 70. Kxh2 Kf5 71. Kg2 Ke4 72. Kf1 Kf3 73. Kg1 Ke2 74. Kg2 f5 75. f3 Ke3 76. Kg1 Kxf3 77. Kf1 Ke3 78. Ke1 f3 79. Kf1 f2 80. Kg2 Ke2 81. Kh3 f1=Q+ 0-1


[Site "https://www.chess.com"]

[Event "Titled Tuesday Blitz February 21 Early 2023"]
[White "Maltsevskaya, Aleksandra"]
[Black "Pakleza, Zbigniew"]
[WhiteFideId "24174041"]
[BlackFideId "1119290"]
[WhiteElo "2390"]
[BlackElo "2494"]
[Result "1-0"]
[Round "02"]
[TimeControl "180+2"]
[Date "2023.02.21"]
[WhiteClock "0:00:09"]
[BlackClock "0:00:38"]

1. e4 d6 2. d4 Nf6 3. Nc3 c6 4. Nf3 Bg4 5. h3 Bh5 6. Bc4 e6 7. Bb3 d5 8. e5 Nfd7 9. g4 Bg6 10. Ne2 c5 11. c3 Nc6 12. Ng3 Be7 13. Be3 cxd4 14. cxd4 Na5 15. O-O Qb6 16. Rc1 Nxb3 17. axb3 O-O 18. h4 h6 19. h5 Bh7 20. g5 hxg5 21. Bxg5 f6 22. exf6 Bxf6 23. Re1 Rae8 24. Rc3 Be4 25. Nxe4 dxe4 26. Rxe4 Qb5 27. Qd3 Qf5 28. Rf4 Qd5 29. Qg6 Rf7 30. Bxf6 Nxf6 31. Rxf6 Rxf6 32. Qxe8+ Rf8 33. Qg6 Rxf3 34. h6 Qxd4 35. Rxf3 1-0


[Site "https://www.chess.com"]

[Event "Titled Tuesday Blitz February 21 Early 2023"]
[White "Movahed, Sina"]
[Black "Baghdasaryan, Vahe"]
[WhiteFideId "42520835"]
[BlackFideId "13303139"]
[WhiteElo "2340"]
[BlackElo "2257"]
[Result "1-0"]
[Round "02"]
[TimeControl "180+2"]
[Date "2023.02.21"]
[WhiteClock "0:01:14"]
[BlackClock "0:00:01"]

1. e4 c5 2. Nf3 e6 3. b3 Nc6 4. Bb2 a6 5. c4 Nf6 6. e5 Ng4 7. g3 h5 8. Bg2 Be7 9. O-O h4 10. Re1 hxg3 11. hxg3 Qc7 12. Nc3 Kf8 13. Qe2 g6 14. Nd5 exd5 15. cxd5 Rh5 16. d6 Qb6 17. dxe7+ Nxe7 18. d4 Nf5 19. Rad1 cxd4 20. Nxd4 Ngh6 21. Nxf5 Rxf5 22. Rd6 Qc5 23. Bd4 Qc7 24. g4 Rf4 25. Be3 Rxg4 26. Bxh6+ 1-0


[Site "https://www.chess.com"]

[Event "Titled Tuesday Blitz February 21 Early 2023"]
[White "Ilkhomi, Jaloliddin"]
[Black "Ahmadzada, Ahmad"]
[WhiteFideId "14700948"]
[BlackFideId "13413007"]
[WhiteElo "1997"]
[BlackElo "2488"]
[Result "0-1"]
[Round "02"]
[TimeControl "180+2"]
[Date "2023.02.21"]
[WhiteClock "0:00:18"]
[BlackClock "0:00:05"]

1. Nf3 c5 2. b3 Nc6 3. Bb2 d6 4. e3 e5 5. d4 cxd4 6. exd4 e4 7. Nfd2 d5 8. Bb5 f5 9. O-O Nf6 10. c4 a6 11. Ba4 Bd6 12. Nc3 Bxh2+ 13. Kxh2 Ng4+ 14. Kg1 Qh4 15. Nf3 exf3 16. Re1+ Kf7 17. Qxf3 Qh2+ 18. Kf1 Qh1+ 19. Ke2 Nxd4+ 20. Kd3 Qxe1 21. Qxd5+ Qe6 22. Qxd4 b5 23. cxb5 Bb7 24. Kc2 Rhd8 25. Qc4 axb5 26. Qxe6+ Kxe6 27. Bxb5 Nxf2 28. Bc4+ Kd7 29. Rf1 Ng4 30. Re1 Re8 31. Rd1+ Kc8 32. Nb5 Ne3+ 33. Kc1 Nxd1 34. Nd6+ Kd7 35. Nxe8 Nxb2 36. Bb5+ Bc6 37. Bxc6+ Kxc6 38. Nxg7 Nd3+ 39. Kc2 Nf4 40. Nxf5 Rxa2+ 41. Kc3 Rxg2 42. Ne7+ Kd6 43. Nf5+ Ke5 44. Ne3 Nd5+ 45. Kd3 Rg3 46. b4 Rxe3+ 47. Kc4 Re4+ 48. Kb5 Rxb4+ 49. Kc6 h5 50. Kd7 h4 51. Ke8 Rb7 52. Kd8 Kd6 53. Kc8 Rg7 0-1


[Site "https://www.chess.com"]

[Event "Titled Tuesday Blitz February 21 Early 2023"]
[White "Boruchovsky, Avital"]
[Black "Kubicka, Anna"]
[WhiteFideId "2800055"]
[BlackFideId "1152254"]
[WhiteElo "2539"]
[BlackElo "2240"]
[Result "1-0"]
[Round "02"]
[TimeControl "180+2"]
[Date "2023.02.21"]
[WhiteClock "0:00:46"]
[BlackClock "0:00:12"]

1. Nf3 Nf6 2. g3 g6 3. Bg2 Bg7 4. c4 O-O 5. Nc3 d6 6. O-O e5 7. d4 Nc6 8. e3 Re8 9. h3 a5 10. b3 exd4 11. Nxd4 Nxd4 12. exd4 c6 13. Be3 d5 14. cxd5 Nxd5 15. Nxd5 cxd5 16. Qd2 Bf5 17. Rac1 a4 18. g4 Be6 19. Qb4 Qa5 20. Qxa5 Rxa5 21. b4 Raa8 22. Rc7 b5 23. a3 Rec8 24. Rfc1 Rxc7 25. Rxc7 Rb8 26. Kf1 Bf6 27. Ke2 Bd8 28. Rc6 Rb6 29. Rc1 f5 30. g5 Kf7 31. Bf4 Ke8 32. Bc7 Rb7 33. Bxd8 Kxd8 34. Rc5 Kd7 35. Bxd5 Bxd5 36. Rxd5+ Kc6 37. Re5 Rd7 38. Kd3 Kb6 39. d5 Kc7 40. Kd4 Kb6 41. Re6+ Kb7 42. Kc5 Rc7+ 43. Kxb5 Rc3 44. Re7+ Kc8 45. Rxh7 Rxa3 46. Kc4 Rf3 47. Ra7 a3 48. h4 Rxf2 49. Rxa3 Rf4+ 50. Kc5 Rxh4 51. Ra6 f4 52. Rxg6 Rg4 53. Kc6 Kb8 54. b5 f3 55. Rg8+ Ka7 56. b6+ Ka6 57. Ra8# 1-0


[Site "https://www.chess.com"]

[Event "Titled Tuesday Blitz February 21 Early 2023"]
[White "Padmini, Rout"]
[Black "Zemlyanskii, Ivan"]
[WhiteFideId "5029295"]
[BlackFideId "24249971"]
[WhiteElo "2375"]
[BlackElo "2300"]
[Result "0-1"]
[Round "02"]
[TimeControl "180+2"]
[Date "2023.02.21"]
[WhiteClock "0:00:05"]
[BlackClock "0:00:08"]

1. e4 Nc6 2. d4 d5 3. e5 Bf5 4. Nf3 e6 5. Be2 f6 6. O-O Nge7 7. c4 Qd7 8. Nc3 O-O-O 9. Be3 fxe5 10. cxd5 exd5 11. Bb5 e4 12. Ne5 Qe6 13. Bxc6 Nxc6 14. Nxc6 Qxc6 15. Rc1 Qa6 16. a4 c6 17. Nb5 Qb6 18. Bf4 Rd7 19. Qh5 g6 20. Qg5 Be7 21. Qh6 Kd8 22. Qg7 Rf8 23. Bg5 Ke8 24. Bxe7 Rf7 25. Qh8+ Kxe7 26. Nc3 Qd8 27. Qe5+ Be6 28. f3 Qc7 29. Qg5+ Ke8 30. fxe4 Rxf1+ 31. Rxf1 Rf7 32. exd5 Rxf1+ 33. Kxf1 Qf7+ 34. Ke1 Bxd5 35. Nxd5 cxd5 36. Qe5+ Kd7 37. Kd2 Qf2+ 38. Kc3 Qxg2 39. Qg7+ Ke6 40. Qg8+ Kf5 41. Qf8+ Kg5 42. Qe7+ Kg4 43. Qxh7 Qf3+ 44. Kb4 Qe4 45. Qd7+ Kf3 46. Qf7+ Ke2 47. Qxb7 Qxd4+ 48. Ka3 Qc5+ 49. b4 Qc3+ 50. Ka2 Qc4+ 51. Ka3 Kd2 52. Qh7 Qc3+ 53. Ka2 Qxb4 54. Qxg6 Qxa4+ 55. Kb2 Qb4+ 56. Ka2 Qc4+ 57. Kb2 Qb5+ 58. Ka2 Qa4+ 59. Kb2 Qd4+ 60. Ka3 Qe4 61. Qg5+ Kc3 62. Qg3+ Kc4 63. Qc7+ Kd3 64. Qxa7 d4 65. Kb2 Qe2+ 66. Kb3 Qc2+ 67. Kb4 Qc3+ 68. Kb5 Kd2 69. Qg7 d3 70. Qg2+ Kc1 71. h4 d2 72. Qg5 Kb2 73. Qg1 Qd3+ 74. Kc6 d1=Q 75. Qxd1 Qxd1 0-1


[Site "https://www.chess.com"]

[Event "Titled Tuesday Blitz February 21 Early 2023"]
[White "Kukhmazov, Arsen"]
[Black "Petrovic, Aleksa"]
[WhiteFideId "24108260"]
[BlackFideId "967629"]
[WhiteElo "2512"]
[BlackElo "2332"]
[Result "1-0"]
[Round "02"]
[TimeControl "180+2"]
[Date "2023.02.21"]
[WhiteClock "0:00:25"]
[BlackClock "0:00:03"]

1. d4 Nf6 2. c4 e6 3. Nf3 b6 4. a3 Ba6 5. Qc2 Bb7 6. Nc3 c5 7. e4 cxd4 8. Nxd4 Bc5 9. Nb3 Nc6 10. Nxc5 bxc5 11. Be3 Nd4 12. Qd3 Qb6 13. Rb1 d5 14. cxd5 exd5 15. e5 Ng4 16. Bxd4 cxd4 17. Nb5 Nxe5 18. Qxd4 O-O 19. Be2 Ba6 20. Qxb6 axb6 21. Nc7 Bxe2 22. Nxa8 Bd3 23. Rd1 Rxa8 24. f4 Bc2 25. fxe5 Bxd1 26. Kxd1 Re8 27. Re1 f6 28. exf6 Rxe1+ 29. Kxe1 gxf6 30. Kd2 Kf7 31. Kd3 Ke6 32. Kd4 f5 33. a4 h5 34. b4 Kd6 35. a5 f4 36. a6 Kc7 37. b5 h4 38. h3 Kb8 39. Kxd5 1-0


[Site "https://www.chess.com"]

[Event "Titled Tuesday Blitz February 21 Early 2023"]
[White "Urbina Perez, Juan Antonio"]
[Black "Tatarinov, Dmitry"]
[WhiteFideId "2217368"]
[BlackFideId "24160067"]
[WhiteElo "2266"]
[BlackElo "2310"]
[Result "1-0"]
[Round "02"]
[TimeControl "180+2"]
[Date "2023.02.21"]
[WhiteClock "0:00:42"]
[BlackClock "0:01:51"]

1. d4 Nf6 2. c4 e6 3. Nf3 Bb4+ 4. Bd2 Qe7 5. e3 O-O 6. Bd3 b6 7. O-O Bxd2 8. Nbxd2 Bb7 9. e4 d6 10. e5 dxe5 11. Nxe5 Nbd7 12. Ndf3 c5 13. Nxd7 Nxd7 14. dxc5 Nxc5 15. Bc2 Rfd8 16. Qe2 Bxf3 17. Qxf3 a5 18. Rad1 g6 19. h3 Rxd1 20. Rxd1 Rd8 21. Qe2 Rd6 22. Rxd6 Qxd6 23. Qd1 Qe5 24. Qd8+ Kg7 25. Qxb6 Qe1+ 26. Kh2 Qxf2 27. Bb3 Qf4+ 28. Kg1 Qd4+ 29. Kh2 e5 30. Qxa5 Qf4+ 31. Kg1 Ne4 32. Qe1 h5 33. Bc2 Ng3 34. c5 h4 35. c6 Qc4 36. Bb3 Qc5+ 37. Kh2 e4 38. Qc3+ Qxc3 39. bxc3 e3 40. Bc4 Ne4 41. c7 Nd6 42. a4 Kf6 43. a5 Ke7 44. a6 Nc8 45. Kg1 f5 46. Kf1 f4 47. Ke2 Kd6 48. Bd3 g5 49. Kf3 Kxc7 50. Kg4 Nb6 51. Kxg5 Nd5 52. c4 Nc3 53. Kxf4 e2 54. Bxe2 Nxe2+ 55. Kg4 Kb6 56. Kxh4 Kxa6 57. Kg5 Kb6 58. h4 Kc6 59. h5 Kd6 60. h6 Ke7 1-0


[Site "https://www.chess.com"]

[Event "Titled Tuesday Blitz February 21 Early 2023"]
[White "Cruz Lledo, Pablo"]
[Black "Real_OceanStorm"]
[WhiteFideId "2297361"]
[WhiteElo "2373"]
[BlackElo "2781"]
[Result "0-1"]
[Round "02"]
[TimeControl "180+2"]
[Date "2023.02.21"]
[WhiteClock "0:00:06"]
[BlackClock "0:00:06"]

1. d4 Nf6 2. Nf3 d5 3. c4 c6 4. e3 g6 5. cxd5 cxd5 6. Ne5 Nc6 7. Nxc6 bxc6 8. Nd2 Bg7 9. Nb3 O-O 10. Bd2 Re8 11. Rc1 Bd7 12. Bc3 Ne4 13. Be2 e5 14. dxe5 Nxc3 15. bxc3 Bxe5 16. c4 Qg5 17. Bf3 Qe7 18. cxd5 cxd5 19. O-O Bb5 20. Re1 Rad8 21. Bxd5 a6 22. Qf3 Rd6 23. g3 Qd7 24. Nc5 Qf5 25. Qxf5 gxf5 26. e4 f4 27. a4 Bc6 28. Bxc6 Rxc6 29. Nd3 Rxc1 30. Rxc1 fxg3 31. hxg3 Bg7 32. Rc4 a5 33. Kg2 Rd8 34. Nf4 Bf8 35. Nd5 Kg7 36. Rc6 Rb8 37. Ra6 Bb4 38. Kf3 Be1 39. Ke2 Bb4 40. f4 h5 41. f5 Rc8 42. Nf4 Rc2+ 43. Kf3 Rc3+ 44. Kg2 Re3 45. Nxh5+ Kf8 46. Nf6 Be1 47. g4 Kg7 48. Nh5+ Kf8 49. f6 Kg8 50. Ra7 Rxe4 51. Rxa5 Bxa5 52. Kf3 Rxa4 53. Nf4 Kh7 54. Nd5 Ra3+ 55. Ke4 Kg6 56. Ne7+ Kxf6 57. Nc6 Ra4+ 58. Kf3 Bd2 59. Nb8 Ke6 60. Nc6 Bg5 61. Ke2 Ra2+ 62. Kd3 Rg2 63. Ke4 Rxg4+ 64. Kf3 Ra4 65. Kg3 Kd5 66. Nb8 Bf4+ 67. Kg4 Bxb8+ 68. Kf5 Re4 69. Kf6 Rf4+ 70. Kg7 Ke5 71. Kh8 f5 0-1


[Site "https://www.chess.com"]

[Event "Titled Tuesday Blitz February 21 Early 2023"]
[White "Fernandez Guillen, Ernesto J."]
[Black "Berezin, Viktor"]
[WhiteFideId "3512428"]
[BlackFideId "14107872"]
[WhiteElo "2477"]
[BlackElo "2307"]
[Result "1-0"]
[Round "02"]
[TimeControl "180+2"]
[Date "2023.02.21"]
[WhiteClock "0:00:17"]
[BlackClock "0:00:04"]

1. e4 g6 2. d4 Bg7 3. Nc3 d6 4. Be3 Nf6 5. f3 O-O 6. Qd2 c6 7. O-O-O Qa5 8. Kb1 b5 9. h4 h5 10. Nh3 b4 11. Ne2 Nbd7 12. Nc1 Rb8 13. Bh6 e5 14. Bxg7 Kxg7 15. Ng5 Ba6 16. Bxa6 Qxa6 17. g4 Nb6 18. gxh5 Nxh5 19. dxe5 Nc4 20. Qg2 Ne3 21. Qh2 Nxd1 22. Rxd1 d5 23. e6 Qb7 24. exf7 Qe7 25. e5 a5 26. f4 Rxf7 27. Nxf7 Qxf7 28. Nd3 a4 29. e6 Qf5 30. e7 b3 31. Re1 Re8 32. Qd2 Nf6 33. Qc3 Kh7 34. Qxc6 bxc2+ 35. Qxc2 Rc8 36. Qe2 Ne4 37. Ka1 a3 38. Ne5 axb2+ 39. Qxb2 Re8 40. h5 Qxh5 41. Qg2 Rxe7 42. Rh1 Qxh1+ 43. Qxh1+ Kg7 44. Qg2 Re6 45. Qb2 Nf6 46. Qd4 Ra6 47. a4 Kh6 48. Ka2 Kh5 49. Ka3 g5 50. fxg5 Kxg5 51. Nd3 Re6 52. a5 Re4 53. Qg1+ Kf5 54. a6 Nd7 55. a7 Re8 56. Nb4 Ke6 57. Nc6 Kd6 58. Nd4 Ra8 59. Nb5+ Kc6 60. Kb4 Nb6 61. Qc5+ Kb7 62. Qc7+ Ka6 63. Kc5 Rc8 64. Qxc8+ Nxc8 65. a8=Q+ Na7 66. Qxa7# 1-0


[Site "https://www.chess.com"]

[Event "Titled Tuesday Blitz February 21 Early 2023"]
[White "Bews, Steven"]
[Black "Kilic, Eray"]
[WhiteFideId "2400529"]
[BlackFideId "44517173"]
[WhiteElo "2295"]
[BlackElo "2414"]
[Result "1/2-1/2"]
[Round "02"]
[TimeControl "180+2"]
[Date "2023.02.21"]
[WhiteClock "0:00:11"]
[BlackClock "0:00:06"]

1. e4 c5 2. Nf3 d6 3. d4 cxd4 4. Nxd4 Nf6 5. Nc3 a6 6. f3 e5 7. Nb3 Be6 8. Be3 h5 9. Qd2 Nbd7 10. O-O-O Qc7 11. Kb1 Rc8 12. Nd5 Nxd5 13. exd5 Bf5 14. Bd3 Bxd3 15. cxd3 g6 16. Rc1 Qb8 17. Na5 Nc5 18. Bxc5 dxc5 19. Nc4 Bh6 20. Qc3 Bxc1 21. Rxc1 O-O 22. Nb6 Rcd8 23. Qxc5 Qd6 24. a4 Qf6 25. a5 Qf5 26. Qe3 Rb8 27. Re1 Rfe8 28. Qe4 Qg5 29. Re2 Rbd8 30. g3 Qf6 31. Rc2 Qd6 32. Qc4 Qf6 33. Qe4 Qd6 34. g4 hxg4 35. fxg4 Qf6 36. Ka2 Qf1 37. h4 Qf4 38. Kb3 Rd6 39. Ka2 Rf6 40. Nd7 Rd6 41. Nc5 Qxe4 42. dxe4 Re7 43. Na4 Rf6 44. Rd2 Rd7 45. Nc5 Rc7 46. b4 b6 47. d6 Rxd6 48. Rxd6 bxc5 49. bxc5 Rxc5 50. Rxa6 Rc4 51. Ra8+ Kg7 52. Kb3 Rxe4 53. a6 Re3+ 54. Kb4 Re1 55. a7 Ra1 56. Kc5 e4 57. Kd4 f5 58. g5 Ra4+ 59. Ke3 Ra3+ 60. Kf4 e3 61. Kf3 f4 62. Kxf4 e2 63. Re8 Rxa7 64. Rxe2 Ra4+ 65. Re4 Ra1 66. Re7+ Kf8 67. Rb7 Ra5 68. Rb4 Kg8 69. Re4 Kf7 70. Rc4 Rf5+ 71. Kg4 Ra5 72. Kf4 Ra1 73. Ke5 Re1+ 74. Re4 Rh1 75. Rf4+ Kg7 76. Kd6 Rd1+ 77. Ke5 Re1+ 78. Re4 Rh1 79. Ke6 Ra1 80. Rd4 Re1+ 81. Kd7 Rh1 82. Re4 Rd1+ 83. Ke8 Rh1 84. Ke7 Ra1 85. Ke6 Ra6+ 86. Ke5 Ra5+ 87. Kf4 Rf5+ 88. Kg4 Rf1 89. Re7+ Kg8 90. Rc7 Kf8 91. Rc6 Kg7 92. Rc4 Rf8 93. Rc7+ Kg8 94. Rd7 Rf1 95. Kg3 Rg1+ 96. Kf4 Re1 97. Rd5 Kf7 98. Rd7+ Kg8 99. Rd4 Kf7 100. Re4 Rh1 101. Ke5 Kg7 102. Ke6 Ra1 103. Rd4 Re1+ 104. Kd5 Rh1 105. Ke5 Re1+ 106. Re4 Rh1 1/2-1/2


[Site "https://www.chess.com"]

[Event "Titled Tuesday Blitz February 21 Early 2023"]
[White "Subelj, Jan"]
[Black "Di Nicolantonio, Lucas"]
[WhiteFideId "14618583"]
[BlackFideId "680460"]
[WhiteElo "2513"]
[BlackElo "2376"]
[Result "0-1"]
[Round "02"]
[TimeControl "180+2"]
[Date "2023.02.21"]
[WhiteClock "0:00:13"]
[BlackClock "0:00:05"]

1. b3 d5 2. Bb2 Bf5 3. Nf3 e6 4. d3 h6 5. Nbd2 Nf6 6. g3 Be7 7. Bg2 O-O 8. c4 c6 9. O-O Bh7 10. a3 a5 11. Re1 Nbd7 12. Qc2 b5 13. Nd4 Rc8 14. Rac1 Qb6 15. cxb5 Bc5 16. e3 cxb5 17. Qb1 Ne5 18. Bf1 Bd6 19. f4 Ned7 20. Rxc8 Rxc8 21. Rc1 Rxc1 22. Qxc1 Bc5 23. N2f3 Bg6 24. h3 h5 25. Kf2 b4 26. a4 Bf8 27. Qc8 Qc5 28. Qa8 Qc7 29. Be2 Nc5 30. Ne5 Bf5 31. Nxf5 exf5 32. Nf3 Nxb3 33. Bxf6 gxf6 34. Qxd5 Nc5 35. Qxf5 b3 36. d4 Ne6 37. Bd3 Bg7 38. Qxh5 b2 39. Qb5 Qc1 40. Nh4 Bf8 41. Nf5 Bb4 42. Qb8+ Nf8 43. Nh6+ Kg7 44. Nf5+ Kg8 45. Qd8 Qe1+ 46. Kf3 Qd1+ 47. Ke4 Qxd3+ 48. Kxd3 b1=Q+ 49. Kc4 Qxf5 50. d5 Qc2+ 51. Kb5 Qc5+ 52. Ka6 Qxe3 53. Qxf6 Qd3+ 54. Ka7 Qxd5 55. f5 Bc5+ 56. Kb8 Nd7+ 57. Kc7 Nxf6 58. Kc8 Qc6+ 59. Kd8 Qd7# 0-1


[Site "https://www.chess.com"]

[Event "Titled Tuesday Blitz February 21 Early 2023"]
[White "Milikow, Yoav"]
[Black "Potapova, Margarita"]
[WhiteFideId "2822237"]
[BlackFideId "14126869"]
[WhiteElo "2394"]
[BlackElo "2104"]
[Result "1/2-1/2"]
[Round "02"]
[TimeControl "180+2"]
[Date "2023.02.21"]
[WhiteClock "0:00:10"]
[BlackClock "0:00:23"]

1. c4 Nf6 2. Nc3 e6 3. d4 Bb4 4. e3 O-O 5. Bd2 d5 6. Nf3 b6 7. cxd5 exd5 8. Bd3 Ba6 9. Bxa6 Nxa6 10. O-O Nb8 11. Rc1 Bxc3 12. Bxc3 Nbd7 13. Qa4 c5 14. dxc5 Nxc5 15. Qd4 Nce4 16. Rfd1 Nxc3 17. Rxc3 Qe7 18. Rdc1 h6 19. Rc7 Qe6 20. h3 Qf5 21. Qe5 Qd3 22. Qd4 Qf5 23. a3 Rfe8 24. R1c2 Ne4 25. Rc1 Nc5 26. R1xc5 bxc5 27. Rxc5 Rab8 28. b4 Rbd8 29. Ra5 Rd7 30. Nd2 Rc8 31. Rc5 Rdc7 32. e4 Qf4 33. g3 Qg5 34. Rxd5 Rc1+ 35. Kg2 Qe7 36. Ra5 R8c7 37. h4 Rd7 38. Qe3 Rc2 39. Nf3 Rdc7 40. Nd4 R2c3 41. Qe2 g6 42. Nb5 Rc2 43. Qe3 R7c4 44. Rxa7 Qxe4+ 45. Qxe4 Rxe4 46. Nd6 Ree2 47. Rxf7 Rcd2 48. Rf6 Kg7 49. Rf7+ Kg8 50. Rf6 Kg7 51. Rf7+ Kg8 1/2-1/2


[Site "https://www.chess.com"]